Map: Deathaura LE

Players

BlyOnFire (Bly)

  • Race: Zerg Zerg
  • Spawn Location: 5:00

Reynor - Winner!

  • Race: Zerg Zerg
  • League: Master
  • Spawn Location: 11:00

Event: DreamHack SC2 Masters 2020 Fall

VOD

Have the link to the VOD?

Description

Time

  • Played on: Sept. 3, 2020, 11:12 a.m.
  • Length: 9:31

All games in this series

Show
View Real Time Build Order
Export as new Build Order

BlyOnFire Zerg 

Build Orders: Hatch First, Roach Nydus 

Get SALT Encoding   

  12  0:00  Drone  
  13  0:12  Overlord  
  13  0:18  Drone  
  14  0:30  Drone  
  14  0:31  Drone  
  16  0:47  Hatchery  
  15  0:50  Drone  
  15  0:54  Drone  
  17  0:57  Drone  
  18  1:05  Extractor  
  17  1:12  Spawning Pool  
  17  1:15  Drone  
  17  1:19  Drone  
  18  1:27  Drone  
  19  1:41  Drone  
  20  1:49  Overlord  
  20  1:59  Queen  
  25  2:01  Zergling x4  
  26  2:10  Drone x2  
  28  2:21  Drone  
  28  2:22  Drone  
  30  2:26  Lair  
  28  2:35  Queen  
  30  2:38  Drone  
  30  2:40  Overlord  
  30  2:42  Drone  
  32  2:46  Drone  
  32  2:48  Extractor  
  32  2:53  Drone x2  
  34  3:05  Evolution Chamber  
  33  3:09  Drone x5  
  38  3:15  Roach Warren  
  38  3:18  Overlord  
  38  3:19  Overlord  
  37  3:27  Nydus Network  
  36  3:36  Queen  
  36  3:37  Queen  
  40  3:59  Roach x6  
  51  4:04  Roach  
  51  4:07  Nydus Canal  
  53  4:12  Roach  
  53  4:13  Roach x2  
  59  4:25  Nydus Canal  
  59  4:29  Overlord  
  58  4:36  Roach  
  58  4:37  Overlord  
  60  4:43  Nydus Canal  
  60  4:45  Extractor  
  60  4:47  Queen x2  
  60  4:50  Roach  
  65  4:55  Roach, Zergling x2  
  65  4:56  Zergling x4  
  70  5:05  Nydus Canal  
  68  5:24  Roach x4  
  68  5:28  Roach  
  73  5:30  Overlord  
  71  5:38  Roach x2  
  71  5:54  Roach x2  
  57  5:58  Roach x2  
  49  6:05  Roach  
  49  6:06  Roach x5  
  59  6:13  Extractor  
  59  6:17  Drone x2  
  60  6:33  Drone x2  
  60  6:39  Drone x2  
  64  6:46  Queen  
  66  6:48  Glial Reconstitution  
  66  6:49  Zerg Missile Weapons Level 1  
  66  6:54  Drone x2  
  66  6:58  Spire  
  67  7:10  Overlord  
  67  7:11  Overlord  
  67  7:14  Overlord  
  65  7:17  Overlord  
  65  7:22  Drone  
  64  7:26  Drone  
  64  7:28  Drone  
  63  7:36  Drone x2  
  64  7:42  Drone  
  64  7:43  Drone  
  66  7:55  Drone x3  
  66  7:56  Drone  
  66  7:57  Drone x2  
  72  8:15  Mutalisk x4  
  80  8:25  Mutalisk x3  
  86  8:37  Evolution Chamber  
  86  8:39  Mutalisk x2  
  87  8:55  Mutalisk  
  87  8:57  Overlord  
  87  9:02  Hatchery  
  86  9:03  Overlord  
  86  9:07  Overlord  
  86  9:09  Overlord  
Show
View Real Time Build Order
Export as new Build Order

Reynor Zerg - Winner!

Build Orders: Hatch First 

Get SALT Encoding   

  12  0:00  Drone  
  13  0:12  Overlord  
  13  0:16  Drone  
  14  0:30  Drone x2  
  16  0:47  Hatchery  
  15  0:51  Drone  
  15  0:54  Drone  
  17  0:58  Drone  
  18  1:08  Extractor  
  17  1:15  Drone, Spawning Pool  
  17  1:19  Drone  
  18  1:28  Drone  
  19  1:38  Drone  
  20  1:55  Drone  
  21  2:01  Queen x2  
  21  2:02  Zergling x4  
  27  2:10  Metabolic Boost, Overlord  
  27  2:12  Drone  
  28  2:28  Drone x2  
  30  2:38  Drone  
  30  2:39  Drone  
  30  2:40  Hatchery  
  30  2:42  Drone  
  32  2:46  Overlord  
  32  2:54  Drone x2  
  34  3:01  Queen  
  34  3:04  Drone x2  
  37  3:13  Evolution Chamber  
  37  3:16  Zergling x6  
  37  3:17  Drone x2  
  37  3:19  Zergling x2  
  42  3:23  Overlord  
  42  3:25  Drone  
  43  3:33  Drone  
  44  3:39  Zerg Ground Armor Level 1  
  46  3:42  Drone  
  46  3:43  Drone  
  46  3:46  Overlord  
  48  3:49  Zergling x4  
  48  3:53  Drone  
  48  3:55  Drone x2  
  53  4:01  Drone  
  54  4:04  Drone  
  54  4:06  Drone, Extractor x2  
  54  4:07  Roach Warren  
  51  4:10  Zergling x6  
  51  4:12  Zergling x2  
  51  4:14  Spine Crawler, Zergling x2  
  56  4:17  Zergling x2  
  56  4:20  Zergling x2  
  56  4:27  Zergling x2  
  56  4:29  Zergling x6  
  56  4:31  Zergling x2  
  61  4:39  Zergling x6  
  61  4:43  Overlord  
  64  4:49  Roach  
  64  4:51  Overlord  
  66  5:01  Roach  
  66  5:02  Overlord  
  66  5:04  Roach x2  
  72  5:08  Roach  
  72  5:11  Roach  
  76  5:18  Roach x2  
  76  5:19  Roach  
  76  5:20  Zergling x2  
  81  5:26  Ravager x2  
  79  5:32  Zergling x12  
  79  5:35  Ravager x2  
  85  5:36  Overlord  
  82  5:43  Roach x2  
  82  5:48  Zergling x2  
  82  5:49  Zergling x2  
  82  5:50  Zergling x2  
  82  5:55  Queen  
  82  5:56  Queen  
  78  5:57  Roach  
  78  6:02  Zergling x4  
  78  6:06  Zergling x2  
  78  6:07  Zerg Missile Weapons Level 1  
  78  6:10  Ravager  
  78  6:12  Zergling x4  
  78  6:17  Lair  
  80  6:20  Drone x2  
  80  6:22  Drone  
  83  6:28  Drone x2  
  83  6:30  Drone x2  
  87  6:35  Drone x2  
  87  6:39  Overlord  
  89  6:43  Drone  
  89  6:45  Roach  
  91  6:51  Roach  
  93  6:56  Roach x2  
  93  6:59  Overlord  
  93  7:00  Roach  
  93  7:01  Roach x2  
  103  7:04  Drone x3, Extractor  
  103  7:06  Overlord  
  105  7:09  Overlord  
  104  7:16  Drone x2  
  104  7:18  Overlord  
  104  7:27  Drone x2  
  103  7:31  Drone x6  
  103  7:32  Queen  
  103  7:35  Drone  
  103  7:36  Drone, Glial Reconstitution  
  111  7:42  Roach x2  
  115  7:48  Roach  
  116  7:53  Roach x3  
  116  7:55  Roach  
  116  7:57  Roach  
  126  8:01  Overlord  
  126  8:02  Roach x2  
  126  8:04  Drone  
  131  8:06  Spire  
  131  8:07  Extractor, Roach  
  131  8:09  Extractor  
  131  8:10  Roach x2  
  131  8:11  Drone  
  135  8:15  Roach  
  135  8:17  Overlord  
  137  8:22  Roach x3  
  137  8:23  Roach  
  137  8:26  Overlord  
  145  8:30  Drone  
  144  8:36  Roach x3  
  144  8:37  Roach x2  
  144  8:40  Overlord  
  154  8:45  Roach x3  
  158  8:49  Overlord  
  158  8:52  Drone x2  
  158  8:53  Spore Crawler  

Tags
 
Add a new tag
Caveats
  • Supply blocks, unpowered buildings, or Contaminate may cause inaccurate times.
  • Supply counts are checked every 10 seconds.